 Dungeon Crawl Stone Soup version 0.30.1-3-gfc49f6343a (webtiles) character file.

Game seed: 8825837739049325878

1400 Ethylacetat the Firebug (level 8, -1/46 HPs)
             Began as an Octopode Fire Elementalist on July 30, 2023.
             Was an Initiate of Vehumet.
             Succumbed to a gnoll's poison
             ... on level 5 of the Dungeon.
             The game lasted 00:25:57 (5120 turns).

Ethylacetat the Firebug (OpFE)                      Turns: 5120, Time: 00:26:09

Health: -1/46      AC:  5    Str:  7    XL:     8   Next: 69%
Magic:  4/16       EV: 13    Int: 19    God:    Vehumet [......]
Gold:   266        SH:  0    Dex: 13    Spells: 8/18 levels left

rFire   . . .        m - +2 falchion (protect)
rCold   . . .        v - orb {light}
rNeg    . . .        (helmet restricted)
rPois   .            (no amulet)
rElec   .            o - +4 ring of protection
rCorr   +            x - ring of resist corrosion
SInv    .            (no ring)
Will    .....        (no ring)
Stlth   ++           (no ring)
HPRegen 0.27/turn    (no ring)
MPRegen 0.15/turn    (no ring)
                     (no ring)

%: no passive effects
@: lethally poisoned (-1 -> -21), glowing
A: almost no armour, amphibious, 8 rings, camouflage 1, gelatinous body 1,
(nimble swimmer 1), tentacles
a: Renounce Religion


You were on level 5 of the Dungeon.
You worshipped Vehumet.
Vehumet was noncommittal.
You visited 2 branches of the dungeon, and saw 7 of its levels.

You collected 266 gold pieces.

Inventory:

Hand Weapons
 m - a +2 falchion of protection (weapon)
Armour
 v - an orb of light (worn)
Jewellery
 o - a +4 ring of protection (left tentacle)
 x - a ring of resist corrosion (right tentacle)
Wands
 u - a wand of mindburst (8)
 A - a wand of polymorph (7)
Scrolls
 b - 6 scrolls of identify {unknown}
 c - 2 scrolls of amnesia {unknown}
 d - 2 scrolls of fog {unknown}
 e - a scroll of poison {unknown}
 f - 6 scrolls of teleportation {unknown}
 h - 2 scrolls of noise {unknown}
 i - 2 scrolls of torment {unknown}
 j - 3 scrolls of fear {unknown}
 l - a scroll of vulnerability {unknown}
 p - a scroll of summoning {unknown}
 q - 2 scrolls of immolation {unknown}
 w - a scroll of blinking {unknown}
 y - 2 scrolls of enchant armour {unknown}
Potions
 a - a potion of magic
 g - 2 potions of brilliance {unknown}
 k - a potion of lignification {unknown}
 n - a potion of might {unknown}
 r - 4 potions of curing {unknown}
 s - a potion of attraction {unknown}
 t - a potion of degeneration {unknown}
 z - a potion of heal wounds {unknown}


   Skills:
 - Level 2.0 Dodging
 - Level 2.8 Stealth
 + Level 5.6 Spellcasting
 + Level 5.8 Conjurations
 + Level 6.5 Fire Magic
 + Level 1.9 Air Magic


You had 8 spell levels left.
You knew the following spells:

 Your Spells              Type           Power      Damage    Failure   Level
a - Foxfire               Conj/Fire      100%       2x1d9     1%          1
b - Scorch                Fire           60%        2d8       1%          2
c - Flame Wave            Conj/Fire      28%        2d9       9%          4
d - Swiftness             Air            12%        N/A       16%         3

Your spell library contained the following spells:

 Spells                   Type           Power      Damage    Failure   Level
 Inner Flame              Hex/Fire       17%        N/A       9%          3
 Volatile Blastmotes      Fire/Tloc      34%        2d12      9%          3
 Apportation              Tloc           10%        N/A       12%         1
 Ensorcelled Hibernation  Hex/Ice        10%        N/A       19%         2
 Passwall                 Tmut/Erth      4%         N/A       19%         2
 Alistair's Intoxication  Tmut/Pois      3%         N/A       97%         5


Dungeon Overview and Level Annotations

Branches:
Dungeon (6/15)             Temple (1/1) D:4

Altars:
Cheibriados
Dithmenos
Elyvilon
Gozag
Hepliaklqana
Kikubaaqudgha
Makhleb
Nemelex Xobeh
Okawaru
Qazlal
Ru
Trog
Uskayaw
Vehumet
Zin
The Shining One

Shops:
D:2 [   D:6 [


Innate Abilities, Weirdness & Mutations

You cannot wear most types of armour.
You are amphibious.
You can wear up to eight rings at the same time.
Your skin changes colour to match your surroundings (Stealth+).
Your rubbery body absorbs attacks. (AC +1, EV +1)
((You are camouflaged when in or above water. (Stealth+)))
You have tentacles for arms and can constrict up to eight enemies at once.


Message History

The gnoll is heavily wounded.
You constrict the gnoll.
The gnoll struggles to escape constriction.
The gnoll hits you but does no damage.
The gnoll bouda hits you with a +0 whip.
The gnoll hits you from afar with a +0 halberd.
The gnoll misses you.
Casting: Scorch (safe; 1% risk of failure)
Confirm with . or Enter, or press ? or * to list all spells.
The spell is quite dangerous to miscast (10% risk of failure)!
Continue anyway?
Casting: Flame Wave (quite dangerous; 10% risk of failure)
Press: ? - help, Dir - look around, f - activate A wave of flame ripples out!
The flame wave engulfs the gnoll!
You kill the gnoll!
Vehumet accepts your kill.
The flame wave engulfs the gnoll bouda!
The gnoll bouda is burned terribly!
You kill the gnoll bouda!
Vehumet accepts your kill. (Press . to intensify the flame waves.)
The gnoll hits you from afar with a +0 halberd!
A wave of flame ripples out!
The flame wave engulfs the gnoll!
You kill the gnoll!
Vehumet accepts your kill.
A wave of flame ripples out!
The flame wave engulfs the gnoll.
The gnoll is heavily wounded.
You finish channelling waves of flame.
You hit the gnoll.
Your weapon exudes an aura of protection.
You grab the gnoll.
The gnoll is almost dead.
You constrict the gnoll.
The gnoll hits you with a +2 flail of venom!
You are poisoned.
You release your grip on the gnoll.
You feel very sick.
The gnoll hits you with a +2 flail of venom!
* * * LOW HITPOINT WARNING * * *
You are more poisoned.
You climb upwards.
You die...

# ##############
#§§##...........@##
§§W.######.......g#
##### #........#
._..#### #........#
.......# ####....##
.......######.##.#
._..#............#
#####.........#..#
§§R#..........#..#


You could see a gnoll.

Vanquished Creatures
  A steam dragon (D:6)
  An acid dragon (D:4)
  3 ogres
  A phantom (D:5)
  A bullfrog (D:5)
  A scorpion (D:6)
  A howler monkey (D:4)
  4 hounds
  A gnoll bouda (D:6)
  3 orc priests
  A jelly (D:6)
  3 iguanas
  2 orc wizards (D:5)
  A sleepcap (D:5)
  Robin (D:2)
  7 gnolls
  7 adders
  A white imp (D:5)
  2 ufetubi
  A worm (D:2)
  A dart slug (D:2)
  6 orcs
  2 endoplasms
  4 giant cockroaches
  13 goblins
  6 hobgoblins
  4 jackals
  8 kobolds
  4 quokkas
  8 ball pythons
  3 bats (D:2)
  5 frilled lizards
  4 rats
111 creatures vanquished.

Vanquished Creatures (others)
  151 foxfires
151 creatures vanquished.

Grand Total: 262 creatures vanquished

Notes
Turn   | Place    | Note
-------+----------+-------------------------------------------
     0 | D:1      | Ethylacetat the Octopode Fire Elementalist began the quest
                  | for the Orb.
     0 | D:1      | Reached XP level 1. HP: 11/11 MP: 3/3
   211 | D:1      | Reached XP level 2. HP: 17/17 MP: 3/5
   242 | D:1      | Learned a level 2 spell: Scorch
   635 | D:1      | Reached XP level 3. HP: 21/21 MP: 1/6
  1045 | D:2      | Found Epnuxed's Antique Armour Emporium.
  1098 | D:2      | Noticed Robin
  1423 | D:2      | Found a burning altar of Makhleb.
  1499 | D:2      | Reached XP level 4. HP: 21/27 MP: 6/8
  1520 | D:2      | Killed Robin
  1929 | D:3      | Reached XP level 5. HP: 31/31 MP: 0/9
  1958 | D:3      | Reached skill level 4 in Fire Magic
  2591 | D:4      | Reached XP level 6. HP: 36/36 MP: 7/11
  3199 | D:4      | Reached skill level 5 in Fire Magic
  3199 | D:4      | Reached XP level 7. HP: 37/41 MP: 9/13
  3204 | D:4      | Learned a level 4 spell: Flame Wave
  3291 | D:4      | Found a staircase to the Ecumenical Temple.
  3448 | Temple   | Entered the Ecumenical Temple
  3475 | Temple   | Became a worshipper of Vehumet
  4044 | D:5      | Entered Level 5 of the Dungeon
  4240 | D:5      | Reached skill level 5 in Spellcasting
  4240 | D:5      | Reached skill level 5 in Conjurations
  4240 | D:5      | Reached XP level 8. HP: 23/46 MP: 10/15
  4251 | D:5      | Reached skill level 6 in Fire Magic
  4274 | D:5      | Found a shadowy altar of Dithmenos.
  4274 | D:5      | Identified the +1 chain mail "Otumadwu" {rElec}
  4336 | D:5      | Noticed a shadow
  4339 | D:5      | Found a hazy altar of Hepliaklqana.
  4707 | D:6      | Learned a level 3 spell: Swiftness
  4717 | D:6      | Reached skill level 1 in Air Magic
  4766 | D:6      | Identified the +1 leather armour of Jufeze {Slay+2}
  5104 | D:6      | Found Geirolia's Antique Armour Emporium.
  5120 | D:5      | Succumbed to a gnoll's poison

Illustrated notes

Levels and vault maps discovered:
D:1:      dpeg_arrival_boxes_within_box, layout_loops_ring
D:2:      minmay_general_purpose_star, layout_loops_ring, basic_altar,
          serial_shops, shop, uniq_robin
D:3:      layout_basic
D:4:      layout_layer_cave, minmay_temple_entry_waves,
          kennysheep_generic_room_4
D:5:      layout_basic, riverfiend_overflow_shadow_ancestor
D:6:      layout_loops_corners, serial_shops, shop, shop
Temple:   nicolae_temple_two_arcs

Skill      XL: |  1  2  3  4  5  6  7  8 |
---------------+-------------------------+-----
Conjurations   | 2 3 4 5 |  5.8
Spellcasting   | 3 4 5 |  5.6
Fire Magic     | 4 5 6 |  6.5
Air Magic      | 1 |  1.9
Dodging        | |  2.0
Stealth        | |  2.8

Action                     |  1- 3 |  4- 6 |  7- 9 || total
---------------------------+-------+-------+-------++-------
  Melee: Unarmed           |    56 |    10 |       ||    66
         Constrict         |    16 |    20 |    15 ||    51
         Tentacles         |    15 |    16 |    14 ||    45
         Falchion          |       |    53 |    49 ||   102
   Cast: Foxfire           |    36 |    36 |    13 ||    85
         Scorch            |       |     2 |    16 ||    18
         Flame Wave        |       |       |     2 ||     2
   Stab: Sleeping          |     3 |     6 |     1 ||    10
 Armour: Skin              |     2 |    13 |    20 ||    35
  Dodge: Dodged            |    32 |    40 |    54 ||   126
